[Event "DVM U16 2019"]
[Site "Magedburg"]
[Date "2019.12.29"]
[Round "6"]
[White "Bethke, Richard"]
[Black "Post, Hugo"]
[Result "1-0"]
[ECO "B90"]
[WhiteElo "2332"]
[BlackElo "2181"]
[Annotator "NA"]
[PlyCount "103"]
[EventDate "2019.12.27"]
[EventType "team-tourn"]
[EventRounds "7"]
[EventCountry "GER"]
[SourceTitle "playchess.com"]
[Source "ChessBase"]
[SourceQuality "1"]
[WhiteTeam "SF Neuberg"]
[BlackTeam "Reideburger SV 90 Halle"]
[WhiteTeamCountry "GER"]
[BlackTeamCountry "GER"]
[TimeControl "40/5400+30:1800+30"]

1. e4 c5 2. Nf3 d6 3. d4 cxd4 4. Nxd4 Nf6 5. Nc3 a6 6. Be3 e6 7. Be2 Be7 8. f4 Qc7 9. O-O O-O 10. Kh1 Nc6 11. Nxc6 bxc6 12. Bd3 c5 13. b3 Bb7 14. Qe1 Nd7 15. Bd2 Bf6 16. Rf3 g6 17. Rh3 Qd8 18. g4 Bg7 19. Qg3 Re8 20. Qg2 Qc7 21. Rf1 Rad8 22. f5 d5 23. fxe6 fxe6 24. exd5 Nf6 25. Bg5 Rxd5 26. Nxd5 Bxd5 27. Rhf3 Nd7 28. Qe2 Qe5 29. Be3 Nf6 30. h3 Ne4 31. Bf4 Qd4 32. Kh2 Nc3 33. Qe3 Bxf3 34. Rxf3 Nd5 35. Qxd4 Bxd4 36. Bd2 Ra8 37. Bc4 Kg7 38. Kg2 Ra7 39. h4 Nb6 40. Bd3 Nc8 41. c3 Bf6 42. h5 gxh5 43. gxh5 h6 44. Rg3+ Kh8 45. Bxh6 Bxc3 46. Bc4 Bg7 47. Bxg7+ Rxg7 48. Rxg7 Kxg7 49. Bxa6 Na7 50. Bb7 Kh6 51. Bf3 Nb5 52. a4 {[%emt 0:00:00] normal} 1-0

[Event "DVM U16 2019"]
[Site "Magedburg"]
[Date "2019.12.29"]
[Round "6"]
[White "Köllner, Ruben Gideon"]
[Black "Woelk, Tom-Frederic"]
[Result "1/2-1/2"]
[ECO "A46"]
[WhiteElo "2330"]
[BlackElo "2245"]
[Annotator "NA"]
[PlyCount "79"]
[EventDate "2019.12.27"]
[EventType "team-tourn"]
[EventRounds "7"]
[EventCountry "GER"]
[SourceTitle "playchess.com"]
[Source "ChessBase"]
[SourceQuality "1"]
[WhiteTeam "SG Bochum"]
[BlackTeam "Hamburger SK"]
[BlackTeamCountry "GER"]
[TimeControl "40/5400+30:1800+30"]

1. d4 Nf6 2. Nf3 c5 3. e3 d5 4. c3 Nc6 5. Nbd2 cxd4 6. exd4 Bf5 7. Bb5 e6 8. Ne5 Qb6 9. Qa4 Rc8 10. c4 a6 11. Bxc6+ bxc6 12. c5 Qb5 13. Qxb5 axb5 14. a4 bxa4 15. Rxa4 Ng4 16. Nxg4 Bxg4 17. b4 Be7 18. Bb2 Kd7 19. f3 Bf5 20. Ke2 Rc7 21. Rha1 Rb8 22. Bc3 g5 23. Ra8 Rxa8 24. Rxa8 Rc8 25. Ra7+ Rc7 26. Ra6 Bd8 27. Ra2 Rb7 28. g3 Bc7 29. Ke3 h5 30. f4 g4 31. Nb3 Rb8 32. Ra7 Bc2 33. Na5 f5 34. Nb7 Kc8 35. Nd6+ Bxd6 36. cxd6 Rb7 37. Ra2 Be4 38. b5 Rxb5 39. Ra7 Rb7 40. Rxb7 {[%emt 0:00:21] normal} 1/2-1/2

[Event "DVM U16 2019"]
[Site "Magedburg"]
[Date "2019.12.29"]
[Round "6"]
[White "Huber, Benedikt"]
[Black "Bosselmann, Tom Linus"]
[Result "1-0"]
[ECO "E63"]
[WhiteElo "2133"]
[BlackElo "2077"]
[Annotator "NA"]
[PlyCount "93"]
[EventDate "2019.12.27"]
[EventType "team-tourn"]
[EventRounds "7"]
[EventCountry "GER"]
[SourceTitle "playchess.com"]
[Source "ChessBase"]
[SourceQuality "1"]
[WhiteTeam "SK München Südost"]
[BlackTeam "Lübecker SV"]
[WhiteTeamCountry "GER"]
[BlackTeamCountry "GER"]
[TimeControl "40/5400+30:1800+30"]

1. d4 Nf6 2. c4 g6 3. Nf3 Bg7 4. g3 O-O 5. Bg2 d6 6. O-O a6 7. Nc3 Nc6 8. b3 Rb8 9. Nd5 b5 10. Nxf6+ Bxf6 11. Bh6 Re8 12. Rc1 e5 13. d5 Ne7 14. e4 Bg7 15. Bd2 b4 16. Ne1 c5 17. dxc6 Nxc6 18. Nc2 Be6 19. Be3 Qd7 20. Qd3 a5 21. Rcd1 Red8 22. Qe2 Qc7 23. f4 f5 24. Bh3 Ne7 25. fxe5 dxe5 26. Bg5 Rxd1 27. Qxd1 Rf8 28. Ne3 Bf6 29. Bxf6 Rxf6 30. Qd3 Qb6 31. Kg2 f4 32. Bxe6+ Qxe6 33. Nd5 Rf8 34. gxf4 Nxd5 35. Qxd5 Qxd5 36. exd5 exf4 37. Re1 Rd8 38. Kf3 g5 39. Rg1 h6 40. h4 Kf7 41. hxg5 hxg5 42. Rxg5 a4 43. bxa4 Ra8 44. Kxf4 Rxa4 45. Rg2 Ke7 46. Ke5 Ra5 47. Kd4 {[%emt 0:00:00] normal} 1-0

[Event "DVM U16 2019"]
[Site "Magedburg"]
[Date "2019.12.29"]
[Round "6"]
[White "Dietz, Florian"]
[Black "Bethke, Robert"]
[Result "1-0"]
[ECO "C42"]
[WhiteElo "2116"]
[BlackElo "2046"]
[Annotator "NA"]
[PlyCount "43"]
[EventDate "2019.12.27"]
[EventType "team-tourn"]
[EventRounds "7"]
[EventCountry "GER"]
[SourceTitle "playchess.com"]
[Source "ChessBase"]
[SourceQuality "1"]
[WhiteTeam "Reideburger SV 90 Halle"]
[BlackTeam "SF Neuberg"]
[WhiteTeamCountry "GER"]
[BlackTeamCountry "GER"]
[TimeControl "40/5400+30:1800+30"]

1. e4 e5 2. Nf3 Nf6 3. Nxe5 d6 4. Nf3 Nxe4 5. Nc3 Nxc3 6. dxc3 Be7 7. Be3 Nc6 8. Qd2 Be6 9. O-O-O Bxa2 10. b3 a5 11. Kb2 a4 12. Kxa2 axb3+ 13. Kxb3 Ra5 14. Bc4 Qa8 15. Kb2 d5 16. Bxd5 O-O 17. Ra1 Ba3+ 18. Rxa3 Rxa3 19. Bc5 Ra5 20. Bxf8 Kxf8 21. Bb3 Ra3 22. Qd5 {[%emt 0:01:59] normal} 1-0

[Event "DVM U16 2019"]
[Site "Magedburg"]
[Date "2019.12.29"]
[Round "6"]
[White "Kotyk, Michael"]
[Black "Biermann, Florian"]
[Result "0-1"]
[ECO "E97"]
[WhiteElo "2103"]
[BlackElo "2044"]
[Annotator "NA"]
[PlyCount "119"]
[EventDate "2019.12.27"]
[EventType "team-tourn"]
[EventRounds "7"]
[EventCountry "GER"]
[SourceTitle "playchess.com"]
[Source "ChessBase"]
[SourceQuality "1"]
[WhiteTeam "Hamburger SK"]
[BlackTeam "SG Bochum"]
[WhiteTeamCountry "GER"]
[BlackTeamCountry "GER"]
[TimeControl "40/5400+30:1800+30"]

1. d4 Nf6 2. c4 g6 3. Nc3 Bg7 4. e4 d6 5. Be2 O-O 6. Nf3 e5 7. O-O Nc6 8. dxe5 dxe5 9. Bg5 Qxd1 10. Rfxd1 Bg4 11. h3 Bxf3 12. Bxf3 h6 13. Be3 Rfd8 14. Nd5 Ne8 15. c5 Nd4 16. Rac1 c6 17. Nb4 Nc7 18. Nd3 a5 19. b3 h5 20. Nb2 Nce6 21. Na4 Bf8 22. Kf1 Nxf3 23. gxf3 Be7 24. Nb6 Rxd1+ 25. Rxd1 Rb8 26. Ke2 h4 27. Nc4 Bxc5 28. Nxe5 Bxe3 29. fxe3 a4 30. b4 a3 31. f4 Re8 32. Rd7 g5 33. Nxf7 gxf4 34. Nh6+ Kh8 35. Rxb7 Ng5 36. Nf7+ Nxf7 37. Rxf7 fxe3 38. Kxe3 Rb8 39. Ra7 Rxb4 40. Rxa3 Kg7 41. Kf4 Kf6 42. Rc3 Rb6 43. a4 Ke6 44. a5 Ra6 45. Rc5 Kd6 46. Rh5 Ra8 47. Rh6+ Kd7 48. e5 Rxa5 49. Kf5 c5 50. Rh7+ Kc6 51. e6 Ra1 52. Kf6 Rf1+ 53. Ke7 Rf4 54. Rf7 Re4 55. Rf6 c4 56. Kf8 c3 57. e7+ Kd5 58. e8=Q Rxe8+ {[%emt 0:00:04] normal} 59. Kxe8 c2 60. Kf7 {[%emt 0:00:00] normal} 0-1

[Event "DVM U16 2019"]
[Site "Magedburg"]
[Date "2019.12.29"]
[Round "6"]
[White "Biermann, Lenhard"]
[Black "Grabbel, Lennart Christian"]
[Result "1/2-1/2"]
[ECO "D00"]
[WhiteElo "2098"]
[BlackElo "1849"]
[Annotator "NA"]
[PlyCount "80"]
[EventDate "2019.12.27"]
[EventType "team-tourn"]
[EventRounds "7"]
[EventCountry "GER"]
[SourceTitle "playchess.com"]
[Source "ChessBase"]
[SourceQuality "1"]
[WhiteTeam "SG Bochum"]
[BlackTeam "Hamburger SK"]
[WhiteTeamCountry "GER"]
[BlackTeamCountry "GER"]
[TimeControl "40/5400+30:1800+30"]

1. d4 d5 2. Bf4 Nf6 3. e3 c6 4. Bd3 e6 5. Nd2 Bd6 6. Bxd6 Qxd6 7. f4 b6 8. Qe2 c5 9. c3 Bb7 10. Ngf3 Ne4 11. O-O O-O 12. Ng5 f5 13. Ngf3 Nd7 14. Ne5 Ndf6 15. a4 Rfd8 16. Kh1 Bc6 17. Nxc6 Qxc6 18. Nf3 c4 19. Bc2 a6 20. Ne5 Qe8 21. g4 g6 22. g5 Nd7 23. Bxe4 fxe4 24. h4 Rdb8 25. h5 Rb7 26. Nxd7 Rxd7 27. hxg6 hxg6 28. Kg2 Rh7 29. Qg4 Qf7 30. Rh1 Qf5 31. Qg3 Raa7 32. Kf2 Rab7 33. Rab1 Rxh1 34. Rxh1 Rh7 35. Rxh7 Kxh7 36. Qh4+ Kg8 37. Kg3 Qf7 38. Qh6 Qf5 39. Qh4 Qf7 40. Qh6 Qe8 {[%emt 0:00:52] normal} 1/2-1/2

[Event "DVM U16 2019"]
[Site "Magedburg"]
[Date "2019.12.29"]
[Round "6"]
[White "Costa, Leonardo"]
[Black "Glinzner, Alva"]
[Result "0-1"]
[ECO "B13"]
[WhiteElo "2048"]
[BlackElo "1812"]
[Annotator "NA"]
[PlyCount "80"]
[EventDate "2019.12.27"]
[EventType "team-tourn"]
[EventRounds "7"]
[EventCountry "GER"]
[SourceTitle "playchess.com"]
[Source "ChessBase"]
[SourceQuality "1"]
[WhiteTeam "SK München Südost"]
[BlackTeam "Lübecker SV"]
[WhiteTeamCountry "GER"]
[BlackTeamCountry "GER"]
[TimeControl "40/5400+30:1800+30"]

1. e4 c6 2. d4 d5 3. exd5 cxd5 4. Bd3 Nc6 5. c3 g6 6. Bf4 Bg7 7. Nf3 Nf6 8. O-O O-O 9. Re1 Bf5 10. Bxf5 gxf5 11. Ne5 e6 12. Nxc6 bxc6 13. Nd2 Rc8 14. Nb3 Ne4 15. f3 Nd6 16. Bxd6 Qxd6 17. Qd2 Kh8 18. Rad1 Rg8 19. Kh1 Bf6 20. Rg1 Bg5 21. Qe2 f6 22. Rde1 Rce8 23. Qd3 f4 24. Re2 Bh4 25. c4 Rg6 26. cxd5 cxd5 27. Rc1 e5 28. Qb5 Reg8 29. Qc6 Qxc6 30. Rxc6 e4 31. Nd2 e3 32. Nf1 Bf2 33. g4 f5 34. Rxg6 Rxg6 35. h3 h5 36. Nh2 Rc6 37. Kg2 Rc1 38. Rxf2 exf2 39. Kxf2 Rc2+ 40. Kg1 Rxb2 {[%emt 0:00:22] normal} 0-1

[Event "DVM U16 2019"]
[Site "Magedburg"]
[Date "2019.12.29"]
[Round "6"]
[White "Haufe, Laurin"]
[Black "Fidlin, Simon"]
[Result "1-0"]
[ECO "C15"]
[WhiteElo "2022"]
[BlackElo "1907"]
[Annotator "NA"]
[PlyCount "119"]
[EventDate "2019.12.27"]
[EventType "team-tourn"]
[EventRounds "7"]
[EventCountry "GER"]
[SourceTitle "playchess.com"]
[Source "ChessBase"]
[SourceQuality "1"]
[WhiteTeam "SG Leipzig"]
[BlackTeam "Karlsruher SF"]
[WhiteTeamCountry "GER"]
[TimeControl "40/5400+30:1800+30"]

1. e4 e6 2. d4 d5 3. Nc3 Bb4 4. exd5 exd5 5. Bd3 Nf6 6. Nge2 O-O 7. O-O Re8 8. Bg5 c6 9. Ng3 h6 10. Bf4 Bg4 11. Nce2 Nbd7 12. c3 Bf8 13. h3 Be6 14. Qc2 c5 15. Rfe1 Rc8 16. Bf5 Bxf5 17. Nxf5 Ne4 18. Qb3 Nb6 19. Neg3 Qf6 20. Be5 Qg6 21. Nh4 Qc6 22. Nxe4 dxe4 23. Nf5 Nd7 24. Bh2 Nf6 25. Rad1 Rcd8 26. Rd2 g6 27. Ne3 cxd4 28. cxd4 b6 29. Red1 Nd5 30. Rc2 Qe6 31. Rdc1 Nb4 32. Qxe6 Rxe6 33. Rc7 a5 34. d5 Nxd5 35. Rd1 Nxc7 36. Rxd8 Rc6 37. Rc8 Rc1+ 38. Nf1 e3 39. fxe3 Rc2 40. Bd6 Ne6 41. Rxc2 Bxd6 42. Kf2 Nc5 43. Kf3 Kg7 44. Nd2 Nd3 45. Rc3 Nxb2 46. Rc6 Bc5 47. Ke2 Na4 48. Ne4 Bb4 49. Kd3 f5 50. Rc7+ Kf8 51. Nf6 Bd6 52. Ra7 Be7 53. Nd5 Bc5 54. Kc2 Bd6 55. Rb7 Bg3 56. Nxb6 Nc5 57. Nd7+ Nxd7 {normal} 58. Rxd7 Bf2 {normal} 59. Kd2 g5 60. Rh7 1-0

[Event "DVM U16 2019"]
[Site "Magedburg"]
[Date "2019.12.29"]
[Round "6"]
[White "Rietschel, Tilo"]
[Black "Lohvinov, Petro"]
[Result "1/2-1/2"]
[ECO "B42"]
[WhiteElo "2005"]
[BlackElo "2032"]
[Annotator "NA"]
[PlyCount "83"]
[EventDate "2019.12.27"]
[EventType "team-tourn"]
[EventRounds "7"]
[EventCountry "GER"]
[SourceTitle "playchess.com"]
[Source "ChessBase"]
[SourceQuality "1"]
[WhiteTeam "Lübecker SV"]
[BlackTeam "SK München Südost"]
[WhiteTeamCountry "GER"]
[BlackTeamCountry "UKR"]
[TimeControl "40/5400+30:1800+30"]

1. e4 c5 2. Nf3 e6 3. d4 cxd4 4. Nxd4 a6 5. Bd3 Bc5 6. Nb3 Be7 7. Qg4 g6 8. Qe2 d6 9. O-O Nd7 10. Nc3 Qc7 11. a4 b6 12. f4 Bb7 13. Kh1 Ngf6 14. Bd2 h5 15. Nd4 h4 16. Kg1 h3 17. g3 d5 18. e5 Bc5 19. Be3 Ne4 20. Nxe4 dxe4 21. Bc4 O-O 22. c3 Rfc8 23. Bb3 Kg7 24. Rfd1 Nb8 25. Nc2 Bxe3+ 26. Nxe3 Nd7 27. Rd4 Nc5 28. Bc2 Rd8 29. Rad1 Nd3 30. Bxd3 exd3 31. R4xd3 Rxd3 32. Rxd3 Qc6 33. Kf2 Qh1 34. Ng4 a5 35. b3 b5 36. Qe3 bxa4 37. f5 Qg2+ 38. Ke1 Qe4 39. f6+ Kh7 40. bxa4 Qxg4 41. Rd4 Qe4 42. Rd3 {normal} 1/2-1/2

[Event "DVM U16 2019"]
[Site "Magedburg"]
[Date "2019.12.29"]
[Round "6"]
[White "Koll, Linus"]
[Black "Nguyen, Alex Dac-Vuong"]
[Result "1/2-1/2"]
[ECO "B42"]
[WhiteElo "1987"]
[BlackElo "2409"]
[Annotator "NA"]
[PlyCount "115"]
[EventDate "2019.12.27"]
[EventType "team-tourn"]
[EventRounds "7"]
[EventCountry "GER"]
[SourceTitle "playchess.com"]
[Source "ChessBase"]
[SourceQuality "1"]
[WhiteTeam "Karlsruher SF"]
[BlackTeam "SG Leipzig"]
[WhiteTeamCountry "GER"]
[BlackTeamCountry "GER"]
[TimeControl "40/5400+30:1800+30"]

1. e4 c5 2. Nf3 e6 3. d4 cxd4 4. Nxd4 a6 5. Bd3 Nf6 6. O-O Qc7 7. Qe2 d6 8. c4 g6 9. Nc3 Bg7 10. Be3 O-O 11. Rac1 Nbd7 12. b4 b6 13. Nb3 Bb7 14. f3 Rac8 15. c5 bxc5 16. bxc5 Nxc5 17. Nxc5 dxc5 18. Na4 Nd7 19. Nxc5 Nxc5 20. Bxc5 Rfd8 21. Bxa6 Bxa6 22. Qxa6 Bd4+ 23. Bxd4 Qxc1 24. Rxc1 Rxc1+ 25. Kf2 Rxd4 26. Ke3 Rdc4 27. Kf4 Kg7 28. Qd6 Rc5 29. h4 h6 30. Kg3 g5 31. Qd4+ Kg6 32. h5+ Kh7 33. Qf6 Rc7 34. Kg4 R1c2 35. g3 Rxa2 36. f4 Ra5 37. Qd8 Rac5 38. f5 exf5+ 39. exf5 Rc8 40. Qd7 Rc4+ 41. Kh3 Kg7 42. Qd6 g4+ 43. Kh4 Re4 44. f6+ Kg8 45. Qd2 Kh7 46. Qd5 Re6 47. Qf5+ Kh8 48. Qf4 Kh7 49. Qxg4 Rg8 50. Qf5+ Kh8 51. g4 Rg5 52. Qf3 Re8 53. Qb7 Reg8 54. Qd7 Rxg4+ 55. Qxg4 Rxg4+ 56. Kxg4 Kg8 57. Kf4 Kf8 58. Kf5 {[%emt 0:01:42] normal} 1/2-1/2

[Event "DVM U16 2019"]
[Site "Magedburg"]
[Date "2019.12.29"]
[Round "6"]
[White "Bornholdt, Joa Max"]
[Black "Ponomarev, Maximilian"]
[Result "1-0"]
[ECO "D20"]
[WhiteElo "1890"]
[BlackElo "2046"]
[Annotator "NA"]
[PlyCount "49"]
[EventDate "2019.12.27"]
[EventType "team-tourn"]
[EventRounds "7"]
[EventCountry "GER"]
[SourceTitle "playchess.com"]
[Source "ChessBase"]
[SourceQuality "1"]
[WhiteTeam "Lübecker SV"]
[BlackTeam "SK München Südost"]
[WhiteTeamCountry "GER"]
[BlackTeamCountry "GER"]
[TimeControl "40/5400+30:1800+30"]

1. d4 d5 2. c4 dxc4 3. Nc3 Nf6 4. e3 e6 5. Bxc4 Be7 6. Nf3 O-O 7. O-O c5 8. Qe2 a6 9. a4 Qc7 10. Bd3 Nc6 11. Rd1 Bd7 12. h3 Rac8 13. dxc5 Bxc5 14. Ne4 Nxe4 15. Bxe4 f5 16. Bb1 Nb4 17. e4 Kh8 18. exf5 exf5 19. Ng5 h6 20. Bd2 f4 21. Bxb4 Bxb4 22. Ne6 Bxe6 23. Qxe6 Qf7 24. Qe4 g5 25. Qxb4 {normal} 1-0

[Event "DVM U16 2019"]
[Site "Magedburg"]
[Date "2019.12.29"]
[Round "6"]
[White "Kravtsov, Maksim"]
[Black "Wang, Ruiming"]
[Result "1-0"]
[ECO "A57"]
[WhiteElo "1784"]
[BlackElo "1808"]
[Annotator "NA"]
[PlyCount "93"]
[EventDate "2019.12.27"]
[EventType "team-tourn"]
[EventRounds "7"]
[EventCountry "GER"]
[SourceTitle "playchess.com"]
[Source "ChessBase"]
[SourceQuality "1"]
[WhiteTeam "Karlsruher SF"]
[BlackTeam "SG Leipzig"]
[WhiteTeamCountry "RUS"]
[BlackTeamCountry "GER"]
[TimeControl "40/5400+30:1800+30"]

1. d4 Nf6 2. c4 c5 3. d5 b5 4. Qc2 bxc4 5. e4 d6 6. Nd2 g6 7. Ngf3 Bg7 8. Nxc4 Nbd7 9. Be2 O-O 10. O-O Nb6 11. Bd2 Nxc4 12. Qxc4 a5 13. Qc2 Qb6 14. Rab1 Ba6 15. Bc3 Bxe2 16. Qxe2 Qa6 17. Qe3 Qc4 18. Nd2 Qa6 19. f4 Rfb8 20. Kh1 Rb6 21. Qf3 Nd7 22. Bxg7 Kxg7 23. Qc3+ f6 24. Rbe1 Kg8 25. Nf3 Rab8 26. b3 a4 27. e5 axb3 28. exf6 exf6 29. Qe3 Nf8 30. axb3 Rxb3 31. Qe7 R8b7 32. Qxf6 Rf7 33. Qh4 Re3 34. Ng5 Rfe7 35. Ne6 Rxe1 36. Rxe1 Rf7 37. h3 Qc4 38. Qg5 Rf5 39. Qe7 Rf7 40. Qxd6 Qb4 41. Rc1 g5 42. Nxf8 Rxf8 43. Qe6+ Rf7 44. fxg5 Qf4 45. Re1 {normal} Qxg5 {normal} 46. d6 {normal} Qd2 {normal} 47. Rf1 {normal} 1-0

[Event "DVM U16 2019"]
[Site "Magedburg"]
[Date "2019.12.29"]
[Round "6"]
[White "Klaas, Heiko"]
[Black "Gluma, Christian"]
[Result "0-1"]
[ECO "B06"]
[WhiteElo "1759"]
[BlackElo "1856"]
[Annotator "NA"]
[PlyCount "117"]
[EventDate "2019.12.27"]
[EventType "team-tourn"]
[EventRounds "7"]
[EventCountry "GER"]
[SourceTitle "playchess.com"]
[Source "ChessBase"]
[SourceQuality "1"]
[WhiteTeam "Hamburger SK"]
[BlackTeam "SG Bochum"]
[WhiteTeamCountry "GER"]
[TimeControl "40/5400+30:1800+30"]

1. e4 g6 2. d4 Bg7 3. Bc4 c6 4. Nf3 d5 5. exd5 cxd5 6. Be2 Nc6 7. O-O Nf6 8. Nc3 O-O 9. Bf4 Bf5 10. Ne5 Nd7 11. Nxc6 bxc6 12. Bd3 Bxd3 13. Qxd3 Qb6 14. Ne2 e5 15. dxe5 Nxe5 16. Qg3 Rfe8 17. Rab1 Nc4 18. Nc3 Re6 19. Na4 Qb5 20. b3 Na3 21. Rbc1 Rae8 22. Bd6 Nxc2 23. h3 Nd4 24. Nc3 Qa5 25. Bc7 Qxc3 26. Rxc3 Ne2+ 27. Kh2 Nxg3 28. Rxg3 Re2 29. a4 Rc2 30. f4 Re4 31. f5 c5 32. f6 Bh6 33. Bd6 d4 34. Rg4 Rxg4 35. hxg4 Be3 36. Rd1 h6 37. Be5 Rd2 38. Rxd2 Bxd2 39. Kg1 Bb4 40. Kf2 Kf8 41. Ke2 Ke8 42. Bd6 Kd7 43. Bf8 h5 44. gxh5 gxh5 45. Be7 Ke6 46. Kd3 Kf5 47. Bd8 a5 48. Bc7 Kxf6 49. Ke4 Ke6 50. Bg3 f5+ 51. Kd3 Kf6 52. Bf4 h4 53. Ke2 Kg6 54. Kd3 Kh5 55. Bb8 Kg4 56. Bc7 h3 57. gxh3+ Kxh3 58. Be5 Kg4 59. Bh2 {[%emt 0:00:00] normal} 0-1

[Event "DVM U16 2019"]
[Site "Magedburg"]
[Date "2019.12.29"]
[Round "6"]
[White "Baranyai-Molnar, Adam-Kristof"]
[Black "Henning, Marvin"]
[Result "1-0"]
[ECO "B01"]
[WhiteElo "1756"]
[BlackElo "1972"]
[Annotator "NA"]
[PlyCount "109"]
[EventDate "2019.12.27"]
[EventType "team-tourn"]
[EventRounds "7"]
[EventCountry "GER"]
[SourceTitle "playchess.com"]
[Source "ChessBase"]
[SourceQuality "1"]
[WhiteTeam "SF Neuberg"]
[BlackTeam "Reideburger SV 90 Halle"]
[BlackTeamCountry "GER"]
[TimeControl "40/5400+30:1800+30"]

1. e4 d5 2. exd5 Qxd5 3. Nf3 Nf6 4. d4 a6 5. c4 Qd8 6. Nc3 g6 7. Be2 Bg7 8. O-O O-O 9. h3 c6 10. Be3 Nbd7 11. Qb3 Re8 12. Rad1 e6 13. Ne5 Qa5 14. f4 c5 15. Kh1 cxd4 16. Bxd4 Qc7 17. Bf3 h6 18. Rfe1 Rd8 19. Na4 Rb8 20. Bb6 Nxb6 21. Qxb6 Qxb6 22. Nxb6 Re8 23. b4 g5 24. g3 Bf8 25. c5 Be7 26. Re2 Kg7 27. Rc2 Rf8 28. a4 Nd5 29. Bxd5 exd5 30. Ned7 Bxd7 31. Nxd7 Rbd8 32. Nxf8 Bxf8 33. fxg5 hxg5 34. Rcd2 Be7 35. Rxd5 Rb8 36. Rd7 Bf6 37. Re1 Kg6 38. b5 axb5 39. axb5 Rc8 40. Rc1 Rb8 41. b6 Be5 42. Kg2 f6 43. Rc2 Kf5 44. g4+ Ke6 45. Rd3 Rc8 46. c6 bxc6 47. b7 Rb8 48. Rxc6+ Ke7 49. Rb6 Bf4 50. Kf3 Re8 51. h4 Rb8 52. h5 Bc7 53. Rb4 Ke6 54. Re4+ Be5 {[%emt 0:00:15] normal} 55. Rb3 {[%emt 0:00:12] normal} 1-0

[Event "DVM U16 2019"]
[Site "Magedburg"]
[Date "2019.12.29"]
[Round "6"]
[White "Seidel, Arne-Christian"]
[Black "Kolzenburg, Jan Niklas"]
[Result "1-0"]
[ECO "E09"]
[WhiteElo "1636"]
[BlackElo "1648"]
[Annotator "NA"]
[PlyCount "75"]
[EventDate "2019.12.27"]
[EventType "team-tourn"]
[EventRounds "7"]
[EventCountry "GER"]
[SourceTitle "playchess.com"]
[Source "ChessBase"]
[SourceQuality "1"]
[WhiteTeam "Reideburger SV 90 Halle"]
[BlackTeam "SF Neuberg"]
[WhiteTeamCountry "GER"]
[TimeControl "40/5400+30:1800+30"]

1. d4 d5 2. c4 e6 3. Nf3 Nf6 4. g3 Be7 5. Bg2 O-O 6. O-O Nbd7 7. Nbd2 c6 8. Qc2 Re8 9. Rd1 Bf8 10. e4 dxe4 11. Nxe4 Nxe4 12. Qxe4 Nf6 13. Qc2 Bd6 14. a3 Qa5 15. Bg5 Nd7 16. b4 Qf5 17. Qd2 Be7 18. Bf4 h6 19. Re1 g5 20. Bc7 Bd8 21. Bd6 Be7 22. Bxe7 Rxe7 23. d5 cxd5 24. cxd5 e5 25. Nd4 Qf6 26. Nb5 Nb6 27. Rad1 Nc4 28. Qc3 Nd6 29. Nxd6 Qxd6 30. Qc5 Qf6 31. d6 Rd7 32. Bh3 Rd8 33. d7 Bxd7 34. Bxd7 Qf3 35. a4 g4 36. Qxe5 Rac8 37. Qd4 Rc7 38. Qxg4+ {[%emt 0:00:10] normal} 1-0

[Event "DVM U16 2019"]
[Site "Magedburg"]
[Date "2019.12.30"]
[Round "7"]
[White "Nguyen, Alex Dac-Vuong"]
[Black "Köllner, Ruben Gideon"]
[Result "0-1"]
[ECO "C41"]
[WhiteElo "2409"]
[BlackElo "2330"]
[Annotator "NA"]
[PlyCount "136"]
[EventDate "2019.12.27"]
[EventType "team-tourn"]
[EventRounds "7"]
[EventCountry "GER"]
[SourceTitle "playchess.com"]
[Source "ChessBase"]
[SourceQuality "1"]
[WhiteTeam "SG Leipzig"]
[BlackTeam "SG Bochum"]
[WhiteTeamCountry "GER"]
[TimeControl "40/5400+30:1800+30"]

1. e4 d6 2. d4 Nf6 3. Nc3 e5 4. Nf3 Nbd7 5. Bc4 Be7 6. a4 {[%emt 0:03:47] unterminated} O-O {[%emt 0:02:52] unterminated} 7. O-O c6 {[%emt 0:01:11] unterminated} 8. Qe2 {[%emt 0:04:49] unterminated} exd4 9. Nxd4 {[%emt 0:00:06] unterminated} Ne5 {[%emt 0:00:03] unterminated unterminated. C41: Philidor Defence} 10. Rd1 {[%emt 0:10:15] unterminated} Nxc4 $146 ({Predecessor:} 10... Re8 11. h3 Bf8 12. Bb3 a5 13. Nf3 Qc7 14. Nxe5 dxe5 15. Bg5 Be7 16. Rd3 h6 17. Bh4 {1-0 (34) Ricardi,P (2545)-Hoffman,A (2525) Villa Martelli 1998}) 11. Qxc4 {[%emt 0:00:05] unterminated} Qa5 {[%emt 0:01:45] unterminated} 12. Bf4 {[%emt 0:04:13] unterminated} Rd8 {[%emt 0:03:20] unterminated} 13. Qe2 {[%emt 0:13:41] unterminated} Bf8 {[%emt 0:16:58] unterminated} 14. Nb3 {[%emt 0:01:33] unterminated} Qh5 {[%emt 0:04:54] unterminated} 15. Qxh5 Nxh5 16. Be3 {[%emt 0:00:13] unterminated} f5 {[%emt 0:06:40] unterminated} 17. e5 {[%emt 0:16:18] unterminated} f4 18. Bc5 {[%emt 0:00:09] unterminated} Bf5 {[%emt 0:02:35] unterminated} 19. Rxd6 $1 {[%emt 0:03:25] unterminated} Bxd6 20. Bxd6 {[%emt 0:00:10] unterminated} g6 {[%emt 0:03:51] unterminated} 21. Nd4 Ng7 {[%emt 0:01:40] unterminated} 22. Nce2 {[%emt 0:01:50] unterminated} Ne8 {[%emt 0:01:59] unterminated} 23. Nxf5 gxf5 24. Bb4 $1 {[%emt 0:00:08] unterminated} f3 25. gxf3 {[%emt 0:00:08] unterminated} Ng7 {[%emt 0:00:21] unterminated} 26. Bc3 {[%emt 0:15:33] unterminated} Kf7 {[%emt 0:01:49] unterminated} 27. f4 {[%emt 0:03:01] unterminated} Ne6 {[%emt 0:01:11] unterminated} 28. f3 {[%emt 0:01:14] unterminated} Rd5 29. Kf2 {[%emt 0:00:42] unterminated} Rad8 {[%emt 0:01:57] unterminated} 30. Rg1 {[%emt 0:05:31] unterminated} Rg8 31. Rxg8 Kxg8 32. Ng3 Ng7 33. Ke2 Kf7 {[%emt 0:00:16] unterminated} 34. b3 {[%emt 0:01:43] unterminated} Kg6 35. Bd2 Ne6 {[%emt 0:01:00] unterminated} 36. Be3 {[%emt 0:02:14] unterminated} b6 (36... b5 $19 37. axb5 cxb5) 37. c3 c5 38. Nh1 c4 39. b4 Rd3 40. Bd2 a5 41. Nf2 {[%emt 0:30:08] unterminated} Rd5 $19 42. bxa5 Rxa5 43. Nd1 Nc7 44. Nb2 Rc5 45. Kf2 Nd5 46. Kg3 b5 47. axb5 Nb6 48. Be3 Rxb5 49. Bxb6 Rxb2 50. Bc5 Rd2 51. e6 Kf6 52. e7 Kf7 53. Ba3 Rc2 54. Bb4 Rb2 55. Bc5 Rb3 56. Bd4 Kxe7 57. Kh4 Rb2 58. Kg5 Rxh2 59. Kxf5 Rg2 60. Bf6+ Kf7 61. Bg5 Rc2 62. Bf6 h5 63. Be5 Rg2 64. Ke4 h4 65. Kd5 h3 66. f5 h2 67. Bxh2 Rxh2 68. Kxc4 Rh5 {[%emt 0:00:36] normal} 0-1